 Dungeon Crawl Stone Soup version 0.23.2-1-ga50397a6bc (webtiles) character file.

Game seed: 14399571149103610895

26 Cryn the Caller (level 3, 24/24 HPs)
             Began as a Barachi Summoner on Apr 19, 2019.
             Got out of the dungeon alive.
             The game lasted 00:11:27 (932 turns).

Cryn the Caller (Barachi Summoner)                   Turns: 932, Time: 00:11:27

Health: 24/24      AC:  3    Str:  9    XL:     3   Next: 8%
Magic:  6/6        EV: 12    Int: 15    God:
Gold:   29         SH:  0    Dex: 13    Spells: 6/7 levels left

rFire    . . .     SeeInvis .   q - +1 dagger (drain)
rCold    . . .     Gourm    .   (no shield)
rNeg     . . .     Faith    .   a - +0 robe
rPois    .         Spirit   .   g - +0 helmet
rElec    .         Reflect  .   (no cloak)
rCorr    .         Harm     .   (no gloves)
MR       .....                  (no boots)
Stlth    ++........             (no amulet)
HPRegen  0.08/turn              (no ring)
MPRegen  0.10/turn              (no ring)

@: slow
A: +LOS, swims, slowness 1, strong legs 1
a: Hop


You escaped.
You were hungry.

You visited 1 branch of the dungeon, and saw 1 of its levels.

You collected 29 gold pieces.

Inventory:

Hand Weapons
 e - a +0 dagger
 j - a +0 hand axe
 k - a +0 club
 m - a cursed -1 mace
 p - a +0 club
 q - a +1 dagger of draining (weapon)
 r - a +0 mace
 t - a +0 hand axe
 u - a +0 short sword
 w - a +0 dagger
 z - a +0 club
 A - a +0 club
Missiles
 l - 39 stones (quivered)
Armour
 a - a +0 robe (worn)
 b - a +0 leather armour
 g - a +0 helmet (worn)
 i - a +0 robe
Scrolls
 d - a scroll of fog {unknown}
 h - a scroll of immolation {unknown}
 n - 3 scrolls of teleportation {unknown}
 s - 3 scrolls of identify {unknown}
 v - a scroll of noise {unknown}
 y - a scroll of magic mapping {unknown}
Potions
 f - 2 potions of curing {unknown}
 o - a potion of berserk rage {unknown}
 x - a potion of haste {unknown}
Comestibles
 c - 2 rations


   Skills:
 + Level 0.1 Short Blades
 + Level 2.1 Dodging
 + Level 1.9 Stealth
 + Level 2.6 Spellcasting
 + Level 5.6 Summonings


You had 6 spell levels left.
You knew the following spells:

 Your Spells              Type           Power        Failure   Level  Hunger
a - Summon Small Mammal   Summ           ###.         1%          1    #......

Your spell library contained the following spells:

 Spells                   Type           Power        Failure   Level  Hunger
 Call Imp                 Summ           ###.....     3%          2    ###....
 Call Canine Familiar     Summ           ###.....     6%          3    ###....
 Summon Guardian Golem    Hex/Summ       ##......     21%         3    ###....
 Summon Ice Beast         Ice/Summ       ##......     54%         4    #####..
 Summon Lightning Spire   Summ/Air       ##......     54%         4    #####..


Dungeon Overview and Level Annotations

Branches:
Dungeon (1/15)

Altars:


Innate Abilities, Weirdness & Mutations

Shadows flee at your approach. (+LOS)
You can swim through water.
You cover ground slowly.
You can hop short distances.


Message History

The kobold dies!
You swap places.
Magic restored.
Your quokka disappears in a puff of smoke!
Your bat disappears in a puff of smoke!
There is a stone staircase leading down here.
A bat comes into view.
The helpless bat fails to defend itself.
You hit the bat.
You kill the bat!
You see here a bat corpse.
Done exploring.
Done exploring.
You see here a leopard gecko skeleton.
You are feeling hungry.
There is a staircase leading out of the dungeon here.
Are you sure you want to leave the Dungeon?
This will make you lose the game!
Alright, then stay!
Are you sure you want to leave the Dungeon?
This will make you lose the game!
You have escaped!

#....##.##.....#
#.....##..##
#....##.#.....##
##.....#..#
#.#..##.#.....#
#.....#..##
#.#..##.#.....#
#.....###.## #
##.......#.....##
##.....# ##.###
......#####.....#
#.....## #....
####.##
#.....###.....#
#.#.# #.#
##.....#.....##
#.#.# #.#
##...@#....##
#.#.. #.#
######..### #.###
####.### #.## #.#
.......# #.# #.#
.......#
#.##########.#
.......#
#............#
.......####
######.#########
........†.# #####
#.# #....
.......##.##
##...## #.# #.###


There were no monsters in sight!

Vanquished Creatures
  A dart slug (D:1)
  A leopard gecko (D:1)
  5 bats (D:1)
  2 giant cockroaches (D:1)
  A goblin (D:1)
  3 hobgoblins (D:1)
  2 jackals (D:1)
  A frilled lizard (D:1)
  A kobold (D:1)
  2 rats (D:1)
19 creatures vanquished.

Vanquished Creatures (collateral kills)
  A kobold (D:1)
1 creature vanquished.

Grand Total: 20 creatures vanquished

Notes
Turn   | Place    | Note
-------+----------+-------------------------------------------
     0 | D:1      | Cryn the Barachi Summoner began the quest for the Orb.
     0 | D:1      | Reached XP level 1. HP: 13/13 MP: 3/3
   239 | D:1      | Reached skill level 5 in Summonings
   257 | D:1      | Reached XP level 2. HP: 16/19 MP: 5/5
   640 | D:1      | Reached XP level 3. HP: 20/24 MP: 6/6
   932 | D:$      | Got out of the dungeon alive.

Skill      XL: |  1 |
---------------+----+-----
Summonings     | 5 |  5.6
Short Blades   | |  0.1
Dodging        | |  2.1
Stealth        | |  1.9
Spellcasting   | |  2.6

Action                   || total
-------------------------++-------
Melee: Dagger            ||    54
       Hand axe          ||     5
 Cast: Summon Small Mamm ||     2
 Stab: Sleeping          ||     5
Armor: Robe              ||    15
Dodge: Dodged            ||    63
